 Dungeon Crawl Stone Soup version 0.32-a0-893-gf85d74f360 (webtiles) character file.

Game seed: 17220895876422734176

1179 Biggs the Carver (level 8, -1/54 (56) HPs)
             Began as a Coglin Gladiator on Apr 3, 2024.
             Slain by a wight
             ... wielding a +4 morningstar
              (17 damage)
             ... on level 6 of the Dungeon.
             The game lasted 00:07:59 (5137 turns).

Biggs the Carver (Coglin Gladiator)                 Turns: 5137, Time: 00:07:59

HP:   -1/54 (56)    AC:  6    Str: 14    XL:     8   Next: 42%
MP:   8/8           EV: 11    Int:  8    God:
Gold: 149           SH:  0    Dex: 18    Spells: 7/7 levels left

rFire   . . .        q - +5 long sword (drain) {Cihuaton}
rCold   . . .        a - +0 long sword {Aida}
rNeg    . . .        b - +0 leather armour
rPois   .            c - +0 helmet
rElec   .            (no cloak)
rCorr   .            B - +1 pair of gloves
SInv    .            (no boots)
Will    .....        (amulet unavailable)
Stlth   +            (ring unavailable)
HPRegen 0.29/turn    (ring unavailable)
MPRegen 0.11/turn    (no gizmo)

%: no passive effects
@: lightly drained, revving
A: off-hand wielding, slow wielding, warmup strikes, no jewellery
a: Invent Gizmo


You were on level 6 of the Dungeon.
You visited 1 branch of the dungeon, and saw 6 of its levels.

You collected 209 gold pieces.
You spent 60 gold pieces at shops.

Inventory:

Hand Weapons
 a - a +0 long sword (offhand) {Aida}
 q - a +5 long sword of draining (weapon) {Cihuaton}
Missiles
 d - 3 throwing nets (quivered)
 e - a javelin
Armour
 b - a +0 leather armour (worn)
 c - a +0 helmet (worn)
 B - a +1 pair of gloves (worn)
Wands
 w - a wand of charming (9)
Scrolls
 g - a scroll of amnesia
 i - 4 scrolls of fear
 j - a scroll of revelation
 m - 2 scrolls of vulnerability
 p - 2 scrolls of silence
 s - 2 scrolls of fog
 u - 2 scrolls of poison
 x - 3 scrolls of teleportation
 y - a scroll of enchant armour {unknown}
Potions
 h - a potion of brilliance {unknown}
 k - a potion of berserk rage {unknown}
 l - a potion of degeneration {unknown}
 n - a potion of curing
 o - a potion of mutation {unknown}
 r - 2 potions of attraction {unknown}
 z - a potion of haste {unknown}
 A - a potion of heal wounds {unknown}


   Skills:
 - Level 2.0 Fighting
 + Level 10.3 Long Blades
 - Level 1.7 Throwing
 - Level 2.6 Dodging


You had 7 spell levels left.
You didn't know any spells.
Your spell library contained the following spells:

 Spells                   Type           Power      Damage    Failure   Level
 Dazzling Flash           Conj/Hex       0%         N/A       86%         3
 Starburst                Conj/Fire      0%         6d3       100%        6
 Maxwell's Capacitive Co  Air            0%         ∞         100%        8
 Chain Lightning          Conj/Air       0%         N/A       100%        9
 Fire Storm               Conj/Fire      0%         5d1       100%        9
 Shatter                  Erth           0%         3d5*      100%        9


Dungeon Overview and Level Annotations

Branches:
Dungeon (6/15)
 Temple: D:4-7

Altars:
Cheibriados
Kikubaaqudgha
Nemelex Xobeh
Zin

Shops:
D:4 *   D:6 *

Annotations:
D:4 3 runed translucent doors, Heh's ghost, amateur CoGl


Innate Abilities, Weirdness & Mutations

You can wield a second weapon in your off-hand.
It takes a long time for you to wield or remove held weapons.
Your first few attacks do less damage.
You cannot equip rings or amulets.


Message History

HP restored.
Things that are here:
a +3 mace; a +0 robe; a +0 flail Key pressed, stopping explore.
No target in view!
Unknown command.
No target in view!
Key pressed, stopping explore.
You see here an amulet of reflection.
Key pressed, stopping explore.
A wight comes into view. It is wielding a +4 morningstar.
Found 2 scrolls of teleportation.
A wight is nearby!
A wight is nearby!
A wight is nearby!
Unknown command.
The wight hits you with a +4 morningstar!
You feel drained.
Unknown command.
You barely miss the wight with your +5 long sword of draining.
You hit the wight but do no damage.
The wight hits you with a +4 morningstar!
Unknown command.
You closely miss the wight with your +0 long sword.
You closely miss the wight with your +5 long sword of draining.
The wight hits you with a +4 morningstar.
A centaur comes into view.
Unknown command.
You barely miss the wight with your +5 long sword of draining.
You closely miss the wight with your +0 long sword.
The centaur shouts!
The centaur wields a +0 shortbow.
The centaur shoots an arrow.
The arrow completely misses you. The wight misses you.
You slash the wight with your +5 long sword of draining!
The wight is severely damaged.
You barely miss the wight with your +0 long sword.
The centaur shoots an arrow.
The arrow hits you!
* * * LOW HITPOINT WARNING * * *
The wight hits you with a +4 morningstar!
You die...

######### #<......##
#).......##########
##.........".......#
#.........###..###..#
#.........# #.##⌠## #
#.........# #..#_#..#
#.........# ##.....##
##........# #@......#
#....##.###z...∩...##
#....#####?.#......<#
....... ..................#
.......#........>..........#
##.....#..........§§..zh(..#
#........≈≈§§≈≈.z...#
#.......c§≈≈§≈≈.....#
#..≈≈._≈≈z....#


You could see a centaur and a wight.

Vanquished Creatures
  A water moccasin (D:5)
  A black bear (D:5)
  A phantom (D:3)
  A scorpion (D:5)
  3 wights
  A howler monkey (D:5)
  2 orc priests (D:5)
  A bombardier beetle (D:5)
  2 jellies (D:5)
  A sleepcap (D:5)
  Ijyb (D:4)
  2 iguanas
  5 orc wizards
  7 gnolls
  8 adders
  2 ufetubi (D:6)
  A ribbon worm (D:3)
  3 dart slugs
  17 orcs
  8 endoplasms
  4 giant cockroaches
  3 goblins
  7 hobgoblins
  6 jackals
  3 quokkas
  5 ball pythons
  6 bats
  5 frilled lizards
  9 kobolds
  9 rats
125 creatures vanquished.

Notes
Turn   | Place    | Note
-------+----------+-------------------------------------------
     0 | D:1      | Biggs the Coglin Gladiator began the quest for the Orb.
     0 | D:1      | Reached XP level 1. HP: 16/16 MP: 1/1
   158 | D:1      | Reached XP level 2. HP: 22/22 MP: 2/2
   644 | D:1      | Reached skill level 4 in Long Blades
   837 | D:1      | Reached XP level 3. HP: 27/27 MP: 3/3
   863 | D:1      | Found a faded altar of an unknown god.
  1314 | D:2      | Reached XP level 4. HP: 27/33 MP: 4/4
  1367 | D:2      | Reached skill level 5 in Long Blades
  1905 | D:3      | Noticed a phantom
  1910 | D:3      | Killed a phantom
  1911 | D:3      | Reached XP level 5. HP: 38/38 MP: 5/5
  2038 | D:3      | Reached skill level 6 in Long Blades
  2311 | D:3      | Reached XP level 6. HP: 34/44 MP: 6/6
  2689 | D:4      | Found an ancient bone altar of Kikubaaqudgha.
  2743 | D:4      | Reached skill level 7 in Long Blades
  2862 | D:4      | Found a runed translucent gate.
  2862 | D:4      | Found a runed translucent gate.
  2862 | D:4      | Found a runed translucent gate.
  2891 | D:4      | Noticed Heh's ghost (amateur CoGl)
  2898 | D:4      | Found Veushrits's Assorted Antiques.
  2915 | D:4      | Bought a scroll labelled ICZAYR FEUCW for 30 gold pieces
  2915 | D:4      | Bought a scroll labelled POUDOM MENYRY for 30 gold pieces
  3063 | D:4      | Noticed Ijyb
  3081 | D:4      | Killed Ijyb
  3151 | D:4      | Found a faded altar of an unknown god.
  3643 | D:5      | Entered Level 5 of the Dungeon
  3689 | D:5      | Reached XP level 7. HP: 50/50 MP: 7/7
  3948 | D:5      | Found a sparkling altar of Nemelex Xobeh.
  3955 | D:5      | Reached skill level 8 in Long Blades
  4368 | D:5      | Reached skill level 9 in Long Blades
  4491 | D:6      | Found Zin's Purification Station.
  4491 | D:6      | Found a glowing silver altar of Zin.
  4491 | D:6      | Found a snail-covered altar of Cheibriados.
  4577 | D:5      | Reached XP level 8. HP: 11/56 MP: 8/8
  4932 | D:5      | Reached skill level 10 in Long Blades
  5137 | D:6      | Slain by a wight

Illustrated notes

Levels and vault maps discovered:
D:1:      psy_arrival_basics, layout_basic,
          hellmonk_ecumenical_altar_leap_of_faith
D:2:      layout_basic
D:3:      layout_rooms, lexackson_kobold_supper
D:4:      layout_cave_pods, mainiacjoe_overflow_alcove_4, serial_column_ruins,
          column_ruins_temple_circle, column_ruins_hut, column_ruins_grid_1,
          column_ruins_corridor_T, column_ruins_open_tiny, column_ruins_grid_1,
          ebering_ghost_rock_garden, serial_shops, shop, uniq_ijyb
D:5:      layout_basic, mainiacjoe_overflow_boulevard
D:6:      layout_gridville, general_overflow_altar, zin_purify, dk_vineyard_2

Skill      XL: |  1  2  3  4  5  6  7  8 |
---------------+-------------------------+-----
Long Blades    | 4 5 6 7 9 10 | 10.3
Fighting       | |  2.0
Throwing       | |  1.7
Dodging        | |  2.6

Action                     |  1- 3 |  4- 6 |  7- 9 || total
---------------------------+-------+-------+-------++-------
  Melee: Long sword        |    83 |   135 |   141 ||   359
         Dagger            |    75 |   123 |   111 ||   309
    Use: Scroll            |     4 |       |     8 ||    12
         Potion            |       |       |     5 ||     5
   Stab: Sleeping          |     4 |     3 |     1 ||     8
 Armour: Leather armour    |    76 |    71 |   109 ||   256
  Dodge: Dodged            |    64 |    68 |    75 ||   207

Table legend: (Time is in decaauts)
 A = Elapsed time spent in this place.
 B = Non-inter-level travel time spent in this place.
 C = Inter-level travel time spent in this place.
 D = Time resting spent in this place.
 E = Time spent auto-exploring this place.
 F = Levels seen in this place.
 G = Mean time per level.
                   A        B        C        D        E       F      G
               +--------+--------+--------+--------+--------+-----+--------+
         Total |   5120 |   4943 |    177 |    290 |   3763 |   6 |  853.3 |
       Dungeon |   5120 |   4943 |    177 |    290 |   3763 |   6 |  853.3 |
               +--------+--------+--------+--------+--------+-----+--------+

Top non-repeatable levels by time:
     D:5: 1325 daAuts
     D:4: 1024 daAuts
     D:1: 966 daAuts
     D:2: 903 daAuts
     D:3: 745 daAuts
     D:6: 155 daAuts
